Map: 潜水艇-天梯版

Players

Cyan - Winner!

  • Race: Protoss Protoss

iGMacSed (MacSed)

  • Race: Protoss Protoss

Event: DreamHack SC2 Masters 2020 Summer China

VOD

Have the link to the VOD?

Description

Time

  • Played on: July 3, 2020, 9:40 a.m.
  • Length: 9:42

All games in this series

Show
View Real Time Build Order
Export as new Build Order

Cyan Protoss - Winner!

Build Orders:  

Get SALT Encoding   

  12  0:00  Probe  
  13  0:12  Probe  
  14  0:17  Pylon  
  14  0:24  Probe  
  15  0:32  Probe  
  15  0:37  Gateway  
  15  0:40  Probe  
  16  0:47  Assimilator  
  17  0:51  Probe  
  17  0:55  Assimilator  
  18  1:00  Probe  
  19  1:08  Probe  
  19  1:10  Gateway  
  19  1:17  Probe  
  21  1:26  Cybernetics Core  
  21  1:29  Probe  
  22  1:33  Pylon  
  22  1:42  Probe  
  23  1:54  Probe  
  24  2:03  Adept x2, Warp Gate  
  24  2:06  Probe  
  29  2:12  Pylon  
  29  2:13  Pylon  
  29  2:22  Probe  
  30  2:32  Robotics Facility  
  30  2:33  Stalker  
  30  2:35  Stalker  
  34  3:00  Pylon  
  32  3:06  Shield Battery  
  32  3:10  Immortal  
  36  3:27  Nexus  
  37  3:40  Warp Prism  
  36  3:41  Gateway  
  37  3:55  Sentry  
  37  3:56  Sentry  
  41  4:05  Probe  
  41  4:08  Pylon  
  42  4:16  Observer  
  43  4:20  Adept  
  43  4:21  Adept  
  47  4:26  Probe  
  48  4:41  Stalker x2  
  48  4:42  Sentry  
  52  5:00  Immortal  
  52  5:02  Probe x2  
  54  5:16  Stalker x2  
  56  5:23  Probe  
  56  5:24  Probe  
  58  5:29  Pylon  
  58  5:36  Adept, Probe  
  58  5:38  Probe  
  62  5:48  Probe  
  63  5:50  Probe  
  63  5:52  Immortal  
  68  6:00  Probe  
  68  6:02  Probe  
  68  6:08  Gateway  
  68  6:11  Twilight Council  
  68  6:13  Sentry  
  68  6:15  Pylon  
  70  6:21  Stalker  
  70  6:22  Zealot  
  70  6:25  Probe x2  
  74  6:33  Pylon  
  74  6:37  Immortal, Probe  
  79  6:42  Adept  
  81  6:57  Resonating Glaives  
  81  7:00  Assimilator  
  81  7:04  Assimilator  
  81  7:07  Pylon  
  81  7:09  Gateway, Probe x2  
  81  7:10  Gateway  
  83  7:21  Gateway x2  
  79  7:30  Adept x3  
  79  7:32  Adept  
  79  7:36  Probe  
  85  7:52  Adept x4  
  85  7:57  Pylon  
  93  8:02  Pylon  
  93  8:11  Templar Archives  
  93  8:13  Pylon  
  93  8:17  Adept x2  
  93  8:18  Sentry  
  99  8:21  Sentry  
  101  8:28  Adept x2  
  91  8:42  Adept x3  
  91  8:45  Adept  
  88  8:49  Adept  
  84  8:56  Adept  
  84  9:01  Adept x2  
  88  9:05  Observer  
  78  9:10  Adept x2  
  78  9:18  Adept x2  
  78  9:22  Adept  
Show
View Real Time Build Order
Export as new Build Order

iGMacSed Protoss 

Build Orders:  

Get SALT Encoding   

  12  0:00  Probe  
  13  0:12  Probe  
  14  0:17  Pylon  
  14  0:24  Probe  
  15  0:32  Probe  
  15  0:37  Gateway  
  15  0:40  Probe  
  16  0:46  Assimilator  
  17  0:51  Probe  
  17  0:54  Assimilator  
  18  0:59  Probe  
  19  1:07  Probe  
  19  1:10  Gateway  
  19  1:17  Probe  
  20  1:24  Cybernetics Core  
  21  1:29  Probe  
  22  1:41  Probe, Pylon  
  23  2:01  Warp Gate  
  23  2:03  Stalker x2, Probe  
  28  2:10  Pylon  
  28  2:27  Pylon  
  28  2:35  Sentry x2  
  32  2:54  Nexus  
  32  2:57  Probe  
  33  3:07  Pylon  
  33  3:09  Sentry  
  33  3:10  Probe  
  36  3:13  Shield Battery  
  36  3:19  Stalker  
  38  3:22  Probe  
  38  3:27  Shield Battery  
  39  3:38  Probe  
  40  3:42  Immortal  
  40  3:50  Probe  
  41  4:00  Stalker x2, Robotics Facility  
  41  4:02  Probe  
  46  4:11  Shield Battery  
  46  4:14  Probe  
  46  4:16  Pylon  
  47  4:26  Stalker x2  
  51  4:33  Shield Battery  
  51  4:38  Immortal  
  50  4:51  Shield Battery  
  53  4:57  Stalker  
  55  5:10  Stalker  
  57  5:17  Probe  
  57  5:20  Warp Prism, Probe  
  59  5:27  Adept  
  61  5:29  Probe  
  61  5:35  Adept  
  66  5:39  Probe  
  66  5:41  Probe  
  68  5:48  Probe  
  68  5:50  Probe  
  68  5:52  Twilight Council  
  70  6:00  Immortal  
  70  6:11  Pylon  
  70  6:12  Blink  
  70  6:14  Pylon  
  70  6:16  Pylon  
  70  6:17  Phoenix  
  70  6:34  Probe x2  
  70  6:35  Stalker  
  70  6:36  Gateway  
  64  6:46  Probe  
  59  6:57  Probe  
  59  6:58  Probe  
  59  7:00  Robotics Bay  
  61  7:02  Adept x2  
  65  7:09  Gateway, Probe  
  65  7:10  Probe  
  65  7:16  Immortal  
  65  7:21  Pylon, Probe  
  65  7:22  Probe  
  69  7:34  Gateway  
  69  7:36  Pylon  
  69  7:39  Shield Battery  
  65  7:48  Disruptor  
  65  7:49  Assimilator  
  65  7:51  Sentry  
  65  7:56  Gateway  
  65  7:57  Gateway  
  70  8:02  Adept x2  
  74  8:06  Probe  
  75  8:13  Stalker  
  75  8:16  Probe  
  75  8:18  Probe  
  79  8:24  Disruptor  
  82  8:28  Adept  
  82  8:34  Stalker  
  82  8:36  Probe  
  71  8:47  Stalker  
  66  8:52  Zealot x3  
  66  8:53  Zealot  
  58  8:58  Probe  
  55  9:07  Stalker  
  55  9:12  Zealot  
Tags
 
Add a new tag
Caveats
  • Supply blocks, unpowered buildings, or Contaminate may cause inaccurate times.
  • Supply counts are checked every 10 seconds.